Map: Submarine LE

Players

Massa - Winner!

  • Race: Terran Terran
  • League: Platinum
  • Spawn Location: 11:00

Kiter

  • Race: Protoss Protoss
  • League: Platinum
  • Spawn Location: 5:00

VOD

Have the link to the VOD?

Description

Time

  • Played on: Dec. 29, 2020, 1:27 p.m.
  • Length: 17:36
Show
View Real Time Build Order
Export as new Build Order

Massa Terran - Winner!

Build Orders: Reaper Expand 

Get SALT Encoding   

  12  0:00  SCV  
  13  0:12  SCV  
  14  0:18  Supply Depot  
  14  0:24  SCV  
  15  0:40  Barracks, SCV  
  16  0:47  Refinery  
  16  0:52  SCV  
  17  1:04  SCV  
  18  1:16  SCV  
  19  1:30  Orbital Command  
  19  1:44  Command Center  
  19  1:47  Reaper  
  20  1:57  SCV  
  21  2:08  Supply Depot  
  21  2:13  Factory  
  21  2:20  Barracks Tech Lab  
  21  2:26  SCV  
  22  2:38  SCV  
  22  2:40  Marine  
  24  2:50  SCV  
  25  2:58  Marine  
  26  3:02  SCV  
  27  3:27  Factory Tech Lab  
  27  3:29  Marauder  
  27  3:30  Stimpack  
  27  3:31  Orbital Command  
  27  3:32  SCV  
  30  3:38  Command Center  
  30  3:40  Refinery  
  30  3:43  Barracks  
  30  3:44  SCV  
  31  3:48  Supply Depot  
  31  3:51  Marauder  
  31  3:53  Widow Mine  
  35  3:56  SCV  
  35  3:58  SCV  
  37  4:08  SCV  
  38  4:10  SCV  
  38  4:16  Refinery  
  39  4:21  SCV  
  39  4:22  SCV  
  41  4:33  SCV  
  42  4:40  Siege Tank  
  42  4:41  Marauder  
  42  4:42  SCV  
  42  4:45  SCV  
  49  4:51  SCV  
  50  4:54  Barracks Tech Lab  
  50  4:55  SCV  
  50  4:57  SCV  
  52  5:00  Barracks x3  
  52  5:03  Marauder, SCV  
  56  5:07  SCV  
  56  5:10  Combat Shield  
  56  5:12  Cyclone  
  56  5:13  Refinery  
  59  5:19  Engineering Bay  
  59  5:21  Armory  
  59  5:26  Marauder  
  61  5:29  Marauder  
  61  5:30  SCV  
  61  5:31  SCV x2  
  66  5:42  Concussive Shells  
  66  5:43  Supply Depot x2, SCV  
  66  5:47  Barracks Tech Lab, Barracks Reactor, Marauder  
  66  5:49  Barracks Tech Lab  
  69  6:04  Widow Mine  
  69  6:08  Marauder x3  
  69  6:09  Marauder  
  79  6:16  SCV x2  
  81  6:25  Siege Tank, Planetary Fortress  
  81  6:28  SCV  
  85  6:35  Marauder  
  85  6:37  Supply Depot  
  85  6:38  Supply Depot  
  81  6:54  Marauder x3  
  81  6:58  Marine x2  
  81  6:59  Marauder, Siege Tank  
  89  7:15  Marauder, Marine  
  90  7:16  Marauder, Marine x2  
  90  7:20  Marine  
  84  7:29  Starport  
  84  7:34  Marauder  
  90  7:37  Marauder x2  
  90  7:38  Marauder  
  90  7:42  Sensor Tower  
  90  7:43  Missile Turret, SCV x3  
  95  7:49  Missile Turret  
  95  7:51  Missile Turret  
  95  7:54  Marine x2  
  95  7:55  Marauder, SCV x2  
  101  8:07  Supply Depot  
  101  8:08  Supply Depot  
  101  8:10  Supply Depot  
  101  8:17  Terran Infantry Weapons Level 1, Sensor Tower  
  101  8:22  Engineering Bay  
  101  8:28  Refinery x2  
  101  8:29  Marauder x2, Marine x3, Medivac  
  101  8:30  Terran Vehicle Weapons Level 1, Siege Tank  
  113  8:41  Ghost Academy  
  113  8:47  Marauder  
  115  9:02  Siege Tank  
  95  9:17  Medivac  
  76  9:40  Marauder x3  
  76  9:41  Marauder  
  70  9:47  Medivac  
  70  9:49  Marine x2  
  72  10:02  Marauder x4  
  72  10:05  Command Center  
  80  10:07  Marine x2  
  82  10:15  Terran Infantry Armor Level 1  
  82  10:16  Terran Infantry Weapons Level 2  
  82  10:23  Marauder x2, Marine x2  
  82  10:25  Terran Vehicle Weapons Level 2, Marine  
  82  10:28  Factory Tech Lab  
  89  10:32  Marine  
  90  10:37  SCV x3  
  90  10:41  Marauder x2  
  97  10:43  Marine  
  97  10:44  Marauder x2  
  97  10:49  Marine, SCV x3  
  105  10:55  Supply Depot x2  
  106  10:57  Supply Depot  
  106  10:58  Supply Depot, Starport Reactor  
  106  11:00  Marine  
  106  11:01  SCV x2  
  106  11:02  Marauder, Marine  
  112  11:05  Ghost x2  
  112  11:07  Marine  
  117  11:18  Marine  
  117  11:20  Ghost  
  117  11:21  Supply Depot x2  
  117  11:23  Supply Depot  
  120  11:34  Medivac x2  
  120  11:36  Siege Tank  
  127  11:48  Factory  
  127  12:04  Medivac x2  
  131  12:09  Personal Cloaking, Siege Tank  
  131  12:11  SCV x3  
  137  12:23  SCV x3  
  137  12:29  Planetary Fortress  
  140  12:31  Sensor Tower  
  140  12:35  Sensor Tower, SCV x2  
  140  12:36  SCV  
  143  12:41  Siege Tank  
  143  12:43  Ghost x2  
  148  12:44  Marine  
  148  12:45  Marauder x2, Marine  
  148  12:50  Factory Tech Lab  
  156  13:02  Marine  
  156  13:03  Smart Servos  
  157  13:13  Siege Tank  
  157  13:14  Factory  
  157  13:15  Factory  
  157  13:17  Factory  
  157  13:18  SCV x3  
  163  13:21  Command Center  
  163  13:24  Refinery  
  163  13:25  Refinery  
  163  13:32  Medivac x2  
  167  13:34  Enhanced Shockwaves  
  167  13:45  Siege Tank  
  173  13:55  Siege Tank  
  173  13:59  Factory Tech Lab  
  173  14:00  Factory Tech Lab x2  
  173  14:02  Medivac x2  
  177  14:17  Siege Tank  
  177  14:22  Drilling Claws  
  180  14:27  Siege Tank x4  
  180  14:31  Terran Infantry Armor Level 2  
  192  14:59  Siege Tank  
  147  15:55  Marauder x4  
  147  15:56  Marine x2  
  123  16:14  Marine x2  
  123  16:16  Marauder x4  
  130  16:37  Marauder  
  130  16:38  Marauder x3  
  130  16:39  Marine  
  136  16:40  Siege Tank x4  
  136  16:41  Siege Tank  
  148  16:58  Ghost x3  
  148  16:59  Marauder  
Show
View Real Time Build Order
Export as new Build Order

Kiter Protoss 

Build Orders: 1 Gate Expand, Blink Stalkers 

Get SALT Encoding   

  12  0:00  Probe  
  13  0:12  Probe  
  14  0:22  Pylon  
  14  0:24  Probe  
  15  0:42  Probe (Chrono Boost)  
  16  0:43  Gateway  
  16  0:48  Probe (Chrono Boost)  
  17  0:50  Assimilator  
  17  0:56  Probe  
  18  1:08  Probe  
  19  1:21  Probe  
  20  1:28  Nexus  
  20  1:38  Cybernetics Core  
  20  1:52  Probe  
  21  2:01  Pylon  
  21  2:02  Assimilator  
  21  2:04  Probe  
  22  2:17  Adept (Chrono Boost), Probe  
  22  2:18  Warp Gate  
  25  2:29  Probe  
  26  2:37  Twilight Council  
  26  2:41  Gateway  
  26  2:42  Probe (Chrono Boost)  
  26  2:43  Probe (Chrono Boost)  
  28  2:54  Probe x2 (Chrono Boost)  
  28  2:57  Adept  
  31  3:13  Probe x2  
  32  3:35  Probe (Chrono Boost)  
  32  3:39  Blink (Chrono Boost)  
  32  3:41  Probe (Chrono Boost)  
  34  3:45  Gateway  
  34  3:47  Gateway  
  35  3:49  Robotics Facility, Probe (Chrono Boost)  
  37  3:57  Probe (Chrono Boost)  
  37  4:02  Pylon  
  39  4:07  Probe (Chrono Boost)  
  39  4:09  Probe (Chrono Boost)  
  38  4:17  Stalker  
  40  4:42  Observer  
  41  4:45  Stalker x2  
  41  4:46  Stalker x2  
  41  4:50  Probe x2  
  51  4:52  Assimilator  
  51  4:54  Shield Battery  
  51  4:56  Assimilator  
  51  4:59  Pylon  
  51  5:08  Gateway  
  51  5:10  Pylon  
  51  5:19  Sentry x3  
  51  5:21  Probe x2 (Chrono Boost)  
  59  5:38  Pylon, Charge (Chrono Boost)  
  59  5:40  Zealot  
  61  5:43  Zealot x2  
  61  5:44  Zealot  
  67  5:57  Forge  
  67  6:01  Forge  
  67  6:04  Stalker  
  69  6:13  Stalker  
  69  6:14  Stalker x2  
  75  6:29  Gateway  
  75  6:30  Gateway  
  75  6:36  Gateway  
  75  6:37  Pylon  
  75  6:46  Immortal  
  65  7:25  Stalker x4  
  65  7:26  Probe x2  
  65  7:28  Protoss Ground Armor Level 1 (Chrono Boost)  
  75  7:31  Protoss Ground Weapons Level 1 (Chrono Boost)  
  75  7:38  Probe  
  75  7:44  Zealot x4  
  78  7:48  Pylon  
  84  7:51  Pylon  
  84  8:02  Nexus, Zealot  
  84  8:03  Pylon  
  84  8:05  Assimilator  
  86  8:10  Assimilator  
  86  8:23  Zealot x5  
  54  9:17  Stalker x5  
  54  9:18  Stalker x3  
  54  9:24  Probe x2  
  66  9:36  Probe  
  57  9:50  Zealot  
  57  9:51  Zealot x7  
  73  9:55  Probe x2  
  75  10:08  Probe x2 (Chrono Boost)  
  75  10:09  Probe (Chrono Boost)  
  82  10:14  Immortal  
  82  10:17  Probe x2 (Chrono Boost)  
  82  10:20  Probe (Chrono Boost)  
  84  10:22  Probe x2 (Chrono Boost)  
  84  10:27  Protoss Ground Weapons Level 2  
  87  10:29  Probe  
  87  10:34  Probe  
  87  10:35  Probe  
  90  10:36  Templar Archives  
  90  10:46  Photon Cannon  
  90  10:47  Photon Cannon  
  90  10:49  Shield Battery  
  90  11:03  Robotics Bay  
  90  11:09  Gateway  
  90  11:10  Gateway  
  90  11:11  Pylon  
  90  11:24  Stalker x6  
  102  11:31  Psionic Storm, High Templar x2  
  106  11:35  Archon  
  106  11:39  Probe x2  
  108  11:44  Protoss Shields Level 1  
  108  11:49  High Templar x5  
  108  11:50  High Templar  
  108  11:53  Archon x2  
  120  11:54  Archon  
  120  12:02  Gateway  
  120  12:03  Gateway  
  120  12:05  High Templar x4  
  128  12:09  Archon x2  
  128  12:23  Pylon  
  128  12:24  Zealot x2  
  128  12:25  Pylon  
  128  12:26  Pylon  
  132  12:38  Colossus (Chrono Boost)  
  138  12:46  High Templar x6  
  138  12:47  High Templar  
  138  12:50  Archon x3  
  138  12:51  Nexus  
  152  12:54  Pylon  
  152  12:57  Assimilator  
  152  13:01  Pylon  
  152  13:02  Assimilator  
  152  13:04  Pylon x2  
  152  13:09  Probe x2 (Chrono Boost)  
  155  13:13  Probe (Chrono Boost)  
  155  13:23  Protoss Ground Armor Level 2  
  155  13:24  Colossus  
  161  13:34  Pylon  
  161  13:36  Zealot  
  161  13:38  Sentry x2  
  161  13:41  High Templar  
  169  14:05  Probe x2  
  169  14:06  Probe x2  
  169  14:09  Zealot x4  
  181  14:10  Zealot x4  
  181  14:15  Photon Cannon  
  189  14:17  Probe x2  
  189  14:18  Colossus, Photon Cannon  
  189  14:19  Protoss Shields Level 2  
  189  14:20  Photon Cannon  
  185  15:33  Zealot x5  
  185  15:34  Zealot x5  
  91  16:01  High Templar x7  
  91  16:02  High Templar x5  
  105  16:08  Gateway  
  105  16:09  Gateway  
  103  16:11  Gateway  
  103  16:13  Gateway  
  103  16:15  Gateway  
  103  16:18  Archon x3  
  103  16:19  Archon x3  
  77  16:35  Stalker x4  
  77  16:36  Stalker x5  
  77  16:37  Stalker x3  
  52  17:01  High Templar  
  52  17:02  High Templar x4  
  52  17:05  Zealot x7  
  52  17:07  Archon x2  
Tags
 
Add a new tag
Caveats
  • Supply blocks, unpowered buildings, or Contaminate may cause inaccurate times.
  • Supply counts are checked every 10 seconds.